 Dungeon Crawl Stone Soup version 0.31-a0-986-g5e6e4ef867 (console) character file.

Game seed: 12669487207310713157

662985 petzl the Hoplite (level 27, -14/197 HPs)
             Began as a Formicid Delver on Nov 19, 2023.
             Was the Champion of Vehumet.
             Demolished by an emperor scorpion (19 damage)
             ... summoned by a royal mummy
             ... on level 2 of the Tomb of the Ancients on Nov 26, 2023.
             The game lasted 14:51:16 (118637 turns).

petzl the Hoplite (Formicid Delver)               Turns: 118637, Time: 14:51:16

Health: -14/197    AC: 27    Str: 22 (25) XL:     27
Magic:  48/48      EV: 14    Int: 24      God:    Vehumet [******]
Gold:   4214       SH: 22    Dex: 17 (22) Spells: 3/69 levels left

rFire   + . .        n - +1 war axe {heavy, *Rage rN+++ Str+7, !f =f}
rCold   + . .        v - +5 kite shield {reflect}
rNeg    + + +        z - +3 troll leather armour
rPois   +            (helmet unavailable)
rElec   +            I - +4 dragonskin cloak
rCorr   +            P - +1 pair of gloves "Fuubahe" {rF+ rCorr Int+3 Slay+3}
SInv    +            K - +2 pair of boots {Fly}
Will    ++++.        G - amulet of the Fiend {Acrobat Will+}
Stlth   +++++        w - ring of Iwiutun {rElec Will+ AC+4 Dex+3 Stlth-}
HPRegen 1.32/turn    Y - +4 ring of protection
MPRegen 0.31/turn

%: reflection, acrobat
@: brilliant, marked, flying, studying 3 skills
A: permanent stasis, dig shafts and tunnels, antennae 3, four strong arms, agile
1, cold resistance 1, sense surroundings 1, poison resistance, subdued magic 3
}: 4/15 runes: serpentine, barnacled, slimy, silver
a: Dig, Shaft Self, Renounce Religion


You were on level 2 of the Tomb of the Ancients.
You worshipped Vehumet.
Vehumet was exalted by your worship.
You visited 14 branches of the dungeon, and saw 59 of its levels.
You also visited: Wizlab.

You collected 11035 gold pieces.
You spent 6821 gold pieces at shops.

Inventory:

Hand Weapons
 a - a +9 orcbow of freezing
 b - a +7 spectral lajatang
 d - a +2 scimitar of protection
 m - the +6 Majin-Bo {spellvamp, MP+6 Int+6}
   (You took it off a Hellbinder in a wizard's laboratory)

   Int+6:     It affects your intelligence (+6).
   MP+6:      It affects your magic capacity (+6).
 n - the +1 war axe "Wurial" (weapon) {heavy, *Rage rN+++ Str+7, !f =f}
   (You took it off a hobgoblin on level 3 of the Dungeon)

   Str+7:     It affects your strength (+7).
   rN+++:     It renders you almost immune to negative energy.
   *Rage:     It berserks you when you make melee attacks (+20% chance).
 F - a +5 longbow of flaming
Missiles
 J - 3 curare-tipped darts (quivered)
 N - 2 throwing nets
 Z - 3 darts of dispersal
Armour
 v - a +5 kite shield of reflection (worn)
 z - a +3 troll leather armour (worn)
 I - the +4 dragonskin cloak (worn)
   (You took it off Tiamat on level 3 of the Realm of Zot)

   Avatar's Aegis: It grants the wearer a chance to resist fire, cold, poison,
   electricity, acid, and negative energy.
 K - a +2 pair of boots of flying (worn)
 P - the +1 pair of gloves "Fuubahe" (worn) {rF+ rCorr Int+3 Slay+3}
   (You acquired it on level 10 of the Dungeon)

   Int+3:     It affects your intelligence (+3).
   Slay+3:    It affects your accuracy & damage with ranged weapons and melee
   (+3).
   rF+:       It protects you from fire.
   rCorr:     It protects you from acid and corrosion.
Magical Staves
 f - the staff of Imbalance {rF+ Int+2 Fire}
   (You found it on level 3 of the Elven Halls)

   [staff of fire]

   Base accuracy: +5 Base damage: 5 Base attack delay: 1.2 This weapon's minimum
   attack delay (0.6) is reached at skill level 12.
   Int+2:     It affects your intelligence (+2).
   rF+:       It protects you from fire.
   Fire:      It increases the power of your Fire spells.
   It falls into the 'Staves' category.
   It is a weapon for one hand-pair.
Jewellery
 h - the amulet "Anedd" {Acrobat rElec}
   (You took it off a deep elf high priest on level 3 of the Elven Halls)

   [amulet of the acrobat]

   Acrobat:   It increases your evasion while moving and waiting.
   rElec:     It insulates you from electricity.
 t - a ring of wizardry
 w - the ring of Iwiutun (left hand) {rElec Will+ AC+4 Dex+3 Stlth-}
   (You bought it in a shop on level 8 of the Dungeon)

   [ring of protection]

   AC+4:      It affects your AC (+4).
   Dex+3:     It affects your dexterity (+3).
   rElec:     It insulates you from electricity.
   Will+:     It increases your willpower.
   Stlth-:    It makes you less stealthy.
 G - the amulet of the Fiend (around neck) {Acrobat Will+}
   (You found it on level 5 of the Vaults)

   [amulet of the acrobat]

   Acrobat:   It increases your evasion while moving and waiting.
   Will+:     It increases your willpower.
 Y - a +4 ring of protection (right hand)
Wands
 u - a wand of mindburst (21)
 y - a wand of iceblast (16)
 S - a wand of charming (66)
 T - a wand of digging (19)
 X - a wand of acid (43)
Scrolls
 c - 4 scrolls of immolation
 e - 8 scrolls of fear
 x - 5 scrolls of summoning
 B - 3 scrolls of silence
 C - 14 scrolls of poison
 D - 5 scrolls of fog
 Q - 6 scrolls of revelation
Potions
 g - 2 potions of heal wounds
 i - a potion of invisibility
 j - 6 potions of ambrosia
 k - 10 potions of cancellation
 o - 17 potions of curing
 p - 8 potions of lignification
 q - 2 potions of magic
 H - 4 potions of brilliance
 L - 4 potions of resistance
 O - 12 potions of enlightenment
Miscellaneous
 E - a sack of spiders


   Skills:
 - Level 12.0 Fighting
 - Level 2.0(3.3) Short Blades
 - Level 4.1(4.4) Long Blades
 - Level 2.0(5.3) Maces & Flails
 - Level 1.1(5.0) Polearms
 - Level 7.8(8.0) Staves
 - Level 7.3 Ranged Weapons
 - Level 12.0 Armour
 - Level 6.1 Dodging
 - Level 14.5 Stealth
 + Level 22.2 Shields
 - Level 21.5 Spellcasting
 - Level 20.6 Conjurations
 - Level 10.6 Necromancy
 - Level 13.0 Translocations
 - Level 3.0 Transmutations
 - Level 20.4 Fire Magic
 * Level 18.2 Ice Magic
 - Level 9.0 Air Magic
 - Level 8.0 Poison Magic
 - Level 2.0 Evocations


You had 3 spell levels left.
You knew the following spells:

 Your Spells              Type           Power      Damage    Failure   Level
c - Iskenderun's Mystic   Conj/Tloc      71%        2d14      0%          4
e - Plasma Beam           Fire/Air       33%        2x1d46    1%          6
l - Freezing Cloud        Conj/Ice/Air   34%        6-21      0%          5
m - Fire Storm            Conj/Fire      39%        8d10      9%          9
n - Polar Vortex          Ice            36%        12d4*     22%         9
o - Orb of Destruction    Conj           39%        9d11      1%          7
p - Passage of Golubria   Tloc           63%        N/A       0%          4
s - Sticky Flame          Conj/Fire      78%        2d9       0%          4
u - Sublimation of Blood  Necr           57%        N/A       0%          2
A - Ozocubu's Armour      Ice            73%        N/A       0%          3
C - Conjure Ball Lightni  Conj/Air       33%        3x3d11    1%          6
I - Ignite Poison         Fire/Tmut/Pois 56%        N/A       0%          3
T - Olgreb's Toxic Radia  Pois           50%        N/A       1%          4

Your spell library contained the following spells:

 Spells                   Type           Power      Damage    Failure   Level
 Ignition                 Fire           39%        3d12      1%          8
 Apportation              Tloc           100%       N/A       0%          1
 Foxfire                  Conj/Fire      100%       2x1d9     0%          1
 Freeze                   Ice            100%       1d10      0%          1
 Magic Dart               Conj           100%       1d8       0%          1
 Necrotise                Necr           100%       1d9       0%          1
 Cigotuvi's Dreadful Rot  Necr/Pois/Air  100%       N/A       0%          2
 Ensorcelled Hibernation  Hex/Ice        100%       N/A       0%          2
 Poisonous Vapours        Pois/Air       100%       N/A       0%          2
 Searing Ray              Conj           100%       2d8       0%          2
 Static Discharge         Conj/Air       100%       3-8/arc   0%          2
 Dazzling Flash           Conj/Hex       100%       N/A       0%          3
 Frozen Ramparts          Ice            100%       1d16      0%          3
 Hailstorm                Conj/Ice       76%        3d16      0%          3
 Inner Flame              Hex/Fire       56%        N/A       0%          3
 Mephitic Cloud           Conj/Pois/Air  61%        N/A       0%          3
 Vampiric Draining        Necr           57%        2d10      0%          3
 Volatile Blastmotes      Fire/Tloc      100%       2d18      0%          3
 Sting                    Tmut/Pois      100%       1d8       1%          1
 Summon Small Mammal      Summ           80%        N/A       1%          1
 Jinxbite                 Hex            40%        N/A       1%          2
 Passwall                 Tmut/Erth      21%        N/A       1%          2
 Wereblood                Tmut           31%        N/A       1%          2
 Call Canine Familiar     Summ           20%        N/A       2%          3
 Summon Guardian Golem    Hex/Summ       20%        N/A       2%          3
 Tukima's Dance           Hex            20%        N/A       2%          3
 Flame Wave               Conj/Fire      78%        2d17      0%          4
 Manifold Assault         Tloc           63%        N/A       0%          4
 Arcjolt                  Conj/Air       33%        1d43      0%          5
 Fireball                 Conj/Fire      39%        3d16      0%          5
 Iskenderun's Battlesphe  Conj           78%        2d13      0%          5
 Starburst                Conj/Fire      39%        6d11      0%          6
 Airstrike                Air            26%        2d(4-20)  1%          4
 Anguish                  Hex/Necr       20%        N/A       1%          4
 Animate Dead             Necr           57%        N/A       1%          4
 Brom's Barrelling Bould  Conj/Erth      56%        2d7       1%          4
 Dimensional Bullseye     Hex/Tloc       22%        N/A       1%          4
 Fulminant Prism          Conj/Hex       28%        3d14      1%          4
 Summon Ice Beast         Ice/Summ       53%        N/A       1%          4
 Summon Lightning Spire   Summ/Air       37%        N/A       1%          4
 Agony                    Necr           57%        N/A       1%          5
 Metabolic Englaciation   Hex/Ice        26%        N/A       1%          5
 Bombard                  Conj/Erth      28%        9d5       1%          6
 Death Channel            Necr           28%        N/A       1%          6
 Simulacrum               Ice/Necr       33%        N/A       1%          6
 Ozocubu's Refrigeration  Ice            36%        4d15      1%          7
 Alistair's Intoxication  Tmut/Pois      27%        N/A       2%          5
 Borgnjor's Vile Clutch   Necr/Erth      20%        N/A       3%          5
 Silence                  Hex/Air        18%        N/A       4%          5
 Spellforged Servitor     Conj/Summ      28%        N/A       4%          7
 Yara's Violent Unravell  Hex/Tmut       13%        3d7       5%          5
 Petrify                  Tmut/Erth      26%        N/A       6%          4
 Eringya's Noxious Bog    Tmut/Pois      20%        4d6       6%          6
 Animate Armour           Summ/Erth      40%        N/A       13%         4
 Cause Fear               Hex            10%        N/A       13%         4
 Lehudib's Crystal Spear  Conj/Erth      28%        10d7      36%         8
 Disjunction              Tloc           31%        N/A       41%         8
 Maxwell's Capacitive Co  Air            26%        ∞         54%         8
 Malign Gateway           Summ/Tloc      22%        N/A       65%         7
 Chain Lightning          Conj/Air       33%        3d44      65%         9
 Borgnjor's Revivificati  Necr           28%        N/A       80%         8
 Infestation              Necr           28%        N/A       80%         8
 Haunt                    Necr/Summ      20%        N/A       83%         7
 Summon Cactus Giant      Summ           10%        N/A       94%         6
 Enfeeble                 Hex            10%        N/A       100%        7
 Summon Hydra             Summ           10%        N/A       100%        7
 Discord                  Hex            10%        N/A       100%        8
 Death's Door             Necr           28%        N/A       100%        9
 Dragon's Call            Summ           10%        N/A       100%        9
 Shatter                  Erth           10%        3d11*     100%        9
 Blink                    Tloc           Unusable   N/A       N/A         2
 Vhi's Electric Charge    Tloc/Air       Unusable   N/A       N/A         4

Dungeon Overview and Level Annotations

Branches:
Dungeon (15/15)            Temple (1/1) D:5            Lair (5/5) D:8
 Shoals (4/4) Lair:2        Snake (4/4) Lair:3        Slime (5/5) Lair:4
    Orc (2/2) D:9             Elf (3/3) Orc:2        Vaults (5/5) D:14
  Crypt (3/3) Vaults:2       Tomb (2/3) Crypt:3      Depths (4/4) D:15
   Hell (visited)             Dis (0/7) Hell            Geh (0/7) Hell
    Coc (0/7) Hell            Tar (0/7) Hell            Zot (5/5) Depths:4
 WizLab (visited)

Altars:
Ashenzari
Cheibriados
Dithmenos
Elyvilon
Fedhas
Gozag
Hepliaklqana
Kikubaaqudgha
Makhleb
Nemelex Xobeh
Okawaru
Qazlal
Ru
Sif Muna
Trog
Uskayaw
Vehumet
Wu Jian
Xom
Yredelemnul
Zin
The Shining One

Shops:
D:8 (=[!(   D:10 **   Orc:1 ?   Orc:2 *[!::   Elf:1 (   Elf:2 ?   Shoals:2 *
Snake:1 *   Snake:3 :   Snake:4 *   Depths:2 *

Portals:
Hell: Depths:1 Depths:2 Depths:3 Depths:4
Abyss: Depths:1 Depths:3 Depths:4
Pandemonium: Depths:1 Depths:2 Depths:3
Ziggurat: Depths:1

Annotations:
Crypt:2 !BORIS, Boris


Innate Abilities, Weirdness & Mutations

You cannot be hasted, slowed, berserked, paralysed or teleported.
You can dig through walls and to a lower floor.
You have a pair of large antennae on your head. (SInv)
Your four strong arms can wield two-handed weapons with a shield.
You are agile. (Dex +4, Str/Int -1)
Your flesh is cold resistant. (rC+)
You passively map a small area around you.
Your system is resistant to poisons. (rPois)
Your spells are much easier to cast, but much less powerful.


Message History

Unknown command.
Unknown command.
Unknown command.
Unknown command.
Press: ? - help, v - describe, . - travel
Here: a royal mummy (moderately damaged)
The floor.
Unknown command.
Unknown command.
Unknown command.
Unknown command.
Unknown command.
Press: ? - help, v - describe, . - travel
Here: a royal mummy (heavily damaged)
The floor.
You slash the royal mummy!
The royal mummy is moderately damaged.
You slice the royal mummy!!
You destroy the royal mummy!
Vehumet accepts your kill.
You closely miss the emperor scorpion. You closely miss the royal mummy.
You slash the emperor scorpion!
You kill the emperor scorpion!
The emperor scorpion's corpse disappears in a puff of smoke!
You hit the jiangshi. You slice the shard shrike simulacrum!!
You feel extremely nervous for a moment...
You are engulfed in negative energy!
You feel clumsy. The winds around you calm down.
The shard shrike simulacrum claws you but does no damage.
You block the shard shrike simulacrum's attack.
You block the death scarab's attack.
The shard shrike simulacrum claws you but does no damage.
The Executioner barely misses you. You block the Executioner's attack.
The Executioner completely misses you. The jiangshi claws you.
* * * LOW HITPOINT WARNING * * *
The jiangshi claws you.
* * * LOW HITPOINT WARNING * * *
The emperor scorpion stings you!!
You die...

**************************************
,^*,,,^,,*,,^,,,,,^,*,^,,,,,,*,,,,,,,*
,,*,,,,,^*,,,,,,,,,^*,,,,,,,^*,,,,,^,*
,,*,^,,,,+,,,,,,,,,,+,,,,,,,,+,,,,,,,*
,,*,,,,,,*,,,,,,,,,,*,,,,,,^^*^,,,,,,*
,,+^,,,,,*,,,,,<,,,,*,,,^,,,,*,,,,,,,*
*+*******************************,,,,*
^,*,,,,,,,,,......,,,......,,,,,*,,,,*
,,*,,,,,,,,,...!..#*,......,,,,,*,,,,*
,,*^,,,**,,........##....<#*,^,,*,,,,*
,,*,,,,**,,.....^....^.$.,**,,,,*,,,,*
,,*,,,,,,,......M........,,,,,,,*,,,>*
,,*,,,,,,,$##.....M..4##...,,,,,******
,,*,,,,,,,.##.....VMs.##...,,,,,*,,,,*
,,*,,,,,,,......MZV@MsM....,,,,,*,,,,*
,,*,,,,,,*...3W....†1ss....,,,,,+,,,,*
,^*,,,,,**.....W.sB.M......,,,,,*,,,,*
***,,,,,*,.^.M...†..$......,,,,,*,^,,*
,,*,,,,,,,..4.....†........,,,,,*,,,,*
,,*,,,,,,,...M............#,,,,,***+**
,,+,,,,,,,.......$†....9.##,,,,,*,,,,*
,,*,,,,,,,...............#,,,,,,*,,,,*
,,*,,,,,,,.$.....)........,,,,,,*,,,,*
+**,,,,,,,.##.........##..,,,,,,*,,,,*
,,*,,,,,,,.##.(.......##..,,,,,,*,,,,*
,,*,,,,,,,..............^,,,,,,,*^,,,*
,,*,,,,**,,,,,**,,,,,,,,,,**,,,,*,,,,*
***,,,,**,,,,,,**,,,,,,,,,**,,,,*,,,,*
,,*,,,^,,,,,,,,,,,,,,,,,,,,,,,,,**+***
,,*****+***************+*********^,,,*
,,,,*,,^,*,,,,,,^,,,,,*,,,,,,,,*,,,,,*
,,,,*,,,,*^,,,,,,,,,,,*,,,,,,,,*,,,,,*
^,,^+,,,,+,,,,,,,,,,,,*,,,,,,,,*,^,,,*


You could see 4 royal mummies, 5 emperor scorpions, an Executioner, 2 mummy
priests, 2 jiangshi, a flayed ghost (summoned), a sun demon (summoned), 2
guardian mummies, an ushabti (catching breath), an ice devil (summoned), a chaos
spawn (summoned), a death scarab (summoned), a shadow (summoned), a mummy
(summoned) and a shard shrike simulacrum (summoned).

Vanquished Creatures
  A dread lich (Zot:5)
  Tiamat (Zot:3)
  9 orbs of fire
  3 ancient liches
  3 royal mummies
  3 Killer Klowns
  Vv (Crypt:3)
  6 curse toes
  8 golden dragons
  Saint Roka (Depths:1)
  Geryon (Hell)
  Nikola (Snake:4)
  A Hellbinder (WizLab)
  A shard shrike zombie (Crypt:3)
  A bone dragon (Depths:4)
  A profane servitor (Crypt:3)
  2 electric golems (Zot:5)
  14 tentacled monstrosities
  5 liches
  A walking crystal tome (Depths:3)
  2 deep elf master archers (Elf:3)
  Asterion (Elf:1)
  3 deep elf blademasters
  4 quicksilver dragons
  25 Orb Guardians
  4 titans
  13 sphinxes
  A walking divine tome (Depths:2)
  A kraken (Shoals:1)
  Murray (Hell)
  Frances (Snake:1)
  11 death cobs
  22 acid blobs
  Gastronok (Lair:2)
  10 ancient champions
  9 tengu reavers
  Agnes (Snake:1)
  Kirke (Snake:4)
  9 shadow dragons
  Aizul (Snake:1)
  The ghost of ShellytheWitch the Warrior, an adept KoBr of Dithmenos (Lair:5)
  14 storm dragons
  Donald (Shoals:4)
  5 revenants
  7 azure jellies
  11 draconian monks
  3 nagarajas
  6 rockslimes
  4 draconian knights
  9 fire giants
  A caustic shrike zombie (Hell)
  Ilsuiw (Shoals:2)
  4 frost giants
  6 draconian scorchers
  5 deep elf sorcerers
  9 draconian shifters
  3 ghost moths
  Louise (Shoals:2)
  9 vault wardens
  4 angels (Zot:3)
  2 deep elf elementalists (Elf:3)
  A ghoul (Crypt:1)
  3 balrugs
  15 ironbound preservers
  6 very ugly things
  6 formless jellyfish
  6 draconian annihilators
  5 draconian stormcallers
  2 curse skulls
  An orc warlord (Vaults:3)
  9 quicksilver oozes
  9 reapers
  3 spriggan defenders
  2 quicksilver oozes (shapeshifter) (Vaults:5)
  The ghost of Duttonia the Stormcaller, a journeyman MeWn of Gozag (Shoals:1)
  3 war gargoyles
  20 stone giants
  11 vampire knights
  A demonspawn blood saint (WizLab)
  7 deep elf demonologists
  2 bennus (Tomb:1)
  8 ironbound thunderhulks
  8 green draconians
  11 black draconians
  A lorocyproca (WizLab)
  18 white draconians
  11 deep elf annihilators
  13 purple draconians
  14 dire elephants
  9 red draconians
  15 yellow draconians
  An iron golem (Hell)
  The ghost of quinnr the Stormcaller, a journeyman TeAE of Vehumet (Lair:3)
  5 merfolk javelineers
  14 fire dragons
  Josephine (D:14)
  6 eidola
  9 mummy priests
  A blizzard demon (Hell)
  5 green deaths
  12 deep elf death magi
  9 ettins
  A crystal guardian (Vaults:4)
  5 ice dragons
  A spriggan zombie (Hell)
  7 yaktaur captains
  14 jiangshi
  31 vault guards
  8 great orbs of eyes
  11 merfolk impalers
  2 hell beasts (WizLab)
  3 salamander tyrants (Snake:4)
  2 rakshasas
  5 deep elf high priests
  2 merfolk avatars (Shoals:4)
  5 spriggan air magi
  A caustic shrike simulacrum (Crypt:3)
  3 peacekeepers
  6 hydras
  14 anacondas
  2 spriggan skeletons
  2 alligator snapping turtles
  Erica (D:9)
  2 ironbound frosthearts
  A catoblepas (Lair:5)
  3 two-headed ogres (Vaults:5)
  2 merfolk aquamancers (Shoals:4)
  10 centaur warriors
  11 naga warriors
  7 boulder beetles
  The ghost of Fractals the Fighter, a novice DsBr of Okawaru (D:9)
  25 dancing weapons
  7 deep troll shamans
  A death knight (Crypt:1)
  3 death yaks (Lair:5)
  2 satyrs (Shoals:4)
  3 tengu warriors
  Urug (Lair:2)
  28 death scarabs
  5 spriggan berserkers
  10 deep troll earth magi
  11 hell hogs
  13 shock serpents
  2 occultists
  7 vampire magi
  6 orc high priests
  7 spriggans
  4 sun demons (Hell)
  4 naga sharpshooters
  14 soul eaters
  21 hell knights
  Sonja (Lair:4)
  16 iron trolls
  17 deep elf knights
  6 salamander mystics
  9 skysharks
  A storm dragon skeleton (Crypt:3)
  32 skeletal warriors
  3 shadow wraiths
  3 anaconda zombies
  4 glowing orange brains
  4 shadow demons
  2 death drakes (Zot:2)
  3 flayed ghosts
  The ghost of ranchalot the Martial Artist, a novice OpSh of Okawaru (D:8)
  73 deep trolls
  A bunyip zombie (Hell)
  13 sea snakes
  11 lindwurms
  6 naga ritualists
  21 ironbound convokers
  An obsidian statue (Zot:5)
  3 arcanists
  A fenstrider witch simulacrum (Crypt:1)
  13 deep elf archers
  25 deep elf zephyrmancers
  A bunyip skeleton (Crypt:3)
  A lindwurm (shapeshifter) (Vaults:5)
  An alligator zombie (Crypt:1)
  A swamp dragon (Lair:5)
  10 phantasmal warriors
  An iron dragon zombie (Crypt:2)
  2 anaconda skeletons
  17 harpies
  14 necromancers
  8 shining eyes
  35 deep elf pyromancers
  9 fauns
  A golden dragon skeleton (Crypt:2)
  24 ugly things
  10 mana vipers
  An orc sorcerer (Elf:3)
  16 orc knights
  A wolf spider (Vaults:5)
  22 manticores
  20 moths of wrath
  7 cyclopes
  Maurice (D:8)
  A faun (shapeshifter) (Elf:2)
  18 salamanders
  A stone giant skeleton (Hell)
  A centaur zombie (Crypt:3)
  6 elephants
  5 rust devils
  A stone giant zombie (Hell)
  15 vault sentinels
  3 water nymphs
  An eye of devastation (Slime:4)
  6 merfolk sirens
  7 smoke demons
  8 guardian serpents
  32 black mambas
  10 naga magi
  An ice statue (Hell)
  A gargoyle (D:12)
  6 molten gargoyles (Hell)
  2 sea snake zombies (Hell)
  7 unseen horrors
  A centaur skeleton (Hell)
  An elephant slug zombie (Crypt:1)
  7 cane toads
  13 yaktaurs
  The ghost of Doj the Changeling, a novice DsSh (D:5)
  3 hellions
  2 freezing wraiths
  A tormentor (WizLab)
  3 kobold demonologists
  8 rime drakes
  A spectral unseen horror (D:8)
  An anaconda simulacrum (Hell)
  10 komodo dragons
  A death yak zombie (Crypt:3)
  A tengu conjurer (Depths:1)
  2 human skeletons
  6 ice devils (WizLab)
  23 guardian mummies
  A pale draconian skeleton (Crypt:1)
  3 meliai (D:15)
  2 unseen horror skeletons (D:8)
  2 red devils
  3 polar bears (Lair:4)
  A merfolk (shapeshifter) (Depths:1)
  A harpy zombie (Tomb:2)
  A death drake zombie (Crypt:1)
  25 merfolk
  8 trolls
  2 hellwings (WizLab)
  9 hornets
  2 hydra zombies (Hell)
  A queen bee (Lair:3)
  Grinder (D:6)
  2 harpy skeletons
  2 spectral guardian serpents (Crypt:1)
  A hydra skeleton (Hell)
  5 blink frogs
  3 glass eyes
  A jumping spider zombie (Crypt:1)
  2 wind drakes
  2 ettin zombies
  23 dream sheep
  9 snapping turtles
  A glass eye (shapeshifter) (Depths:4)
  A guardian serpent skeleton (Crypt:2)
  108 slime creatures
  18 flying skulls
  3 vampires
  4 shadows
  32 yaks
  14 wraiths
  6 wyverns
  The ghost of Enter the Ducker, an amateur FeBe of Trog (D:4)
  5 air elementals
  3 ushabtiu (Tomb:1)
  18 water elementals
  13 basilisks
  3 fire elementals (Elf:2)
  3 hogs (Snake:4)
  3 large abominations (Depths:3)
  A neqoxec (WizLab)
  4 small abominations (Depths:3)
  8 golden eyes
  19 vampire mosquitoes
  2 steam dragons
  3 wargs
  Menkaure (D:7)
  8 chaos spawn
  43 nagas
  A fire bat zombie (Crypt:3)
  4 acid dragons
  A hydra simulacrum (Hell)
  10 water moccasins
  An ogre skeleton (Vaults:1)
  A naga zombie (Crypt:1)
  A fire bat skeleton (Crypt:2)
  7 hell hounds
  2 naga skeletons
  A swamp worm (shapeshifter) (Vaults:5)
  3 swamp drakes (Lair:5)
  41 orc warriors
  3 black bears
  3 sky beasts (D:7)
  A black mamba simulacrum (Crypt:1)
  2 ice beasts
  2 orc zombies
  11 ogres
  A lindwurm skeleton (Crypt:2)
  A wolf (shapeshifter) (Vaults:3)
  A manticore skeleton (Crypt:3)
  3 centaurs
  A draconian zombie (Crypt:3)
  2 human zombies (Vaults:1)
  10 kobold brigands (D:9)
  A salamander zombie (Crypt:2)
  11 bullfrogs
  3 earth elementals (Elf:3)
  A gnoll sergeant (D:9)
  4 scorpions
  A wyvern skeleton (Crypt:2)
  10 wights
  19 killer bees
  A raiju skeleton (Crypt:2)
  6 howler monkeys (D:11)
  An electric eel (D:9)
  A crimson imp (D:7)
  A black bear zombie (Crypt:3)
  30 orc priests
  A sleepcap (D:4)
  4 jellies
  A basilisk zombie (Crypt:1)
  4 hounds
  8 iguanas
  30 orc wizards
  11 hell rats
  A hound skeleton (Crypt:2)
  A spectral howler monkey (D:8)
  A howler monkey skeleton (D:8)
  19 mummies
  Robin (D:1)
  7 gnolls
  A swamp drake zombie (Crypt:3)
  10 adders
  3 white imps
  2 ufetubi (D:5)
  A jelly zombie (Crypt:3)
  A worm (shapeshifter) (Vaults:5)
  2 worms
  3 dart slugs
  107 orcs
  6 ball pythons
  10 endoplasms
  2 giant cockroaches (D:1)
  13 goblins
  4 hobgoblins
  4 jackals (D:5)
  12 kobolds
  A quokka (D:3)
  6 bats
  A dart slug zombie (Crypt:2)
  An endoplasm zombie (Crypt:3)
  4 frilled lizards
  A frilled lizard zombie (Crypt:3)
  A quokka skeleton (Crypt:2)
  8 rats
  3 ball lightnings (Vaults:2)
  4 butterflies
  74 fire vortices
2618 creatures vanquished.

Vanquished Creatures (collateral kills)
  2 Killer Klowns
  A tentacled monstrosity (Zot:2)
  A titan (Vaults:5)
  2 death cobs (Zot:2)
  2 acid blobs
  2 shadow dragons
  A storm dragon (Zot:3)
  2 rockslimes (Slime:5)
  A vault warden (Vaults:5)
  2 draconian shifters (Zot:1)
  2 black draconians (Zot:3)
  A vampire knight (Depths:3)
  A red draconian (Zot:1)
  A lorocyproca (Hell)
  3 yellow draconians
  A purple draconian (Zot:3)
  A green draconian (Zot:3)
  A deep elf high priest (Vaults:5)
  A flayed ghost (Vaults:5)
  A bunyip skeleton (Hell)
  A phantasmal warrior (Vaults:5)
  A shining eye (Slime:5)
  A moth of wrath (Zot:1)
  An elephant (Lair:5)
  4 slime creatures (Slime:4)
  A golden eye (Slime:1)
  A hell rat (Hell)
  6 ball lightnings
45 creatures vanquished.

Vanquished Creatures (others)
  the Royal Jelly (Slime:5)
  A deep elf elementalist (Elf:3)
  A war gargoyle (Vaults:5)
  A naga warrior (Snake:4)
  323 ball lightnings
  324 fire vortices
  4 spectral weapons
  14 tentacles (Shoals:1)
669 creatures vanquished.

Grand Total: 3332 creatures vanquished

Notes
Turn   | Place    | Note
-------+----------+-------------------------------------------
     0 | D:5      | petzl the Formicid Delver began the quest for the Orb.
     0 | D:5      | Reached XP level 1. HP: 18/18 MP: 1/1
   114 | D:3      | Reached skill level 1 in Spellcasting
   114 | D:3      | Reached XP level 2. HP: 20/24 MP: 1/4
   283 | D:2      | Reached skill level 1 in Ranged Weapons
   283 | D:2      | Reached XP level 3. HP: 29/29 MP: 6/6
   672 | D:1      | Reached XP level 4. HP: 35/35 MP: 8/8
  1276 | D:2      | Noticed Robin
  1289 | D:2      | You fall into a shaft and drop 1 floor!
  1774 | D:1      | Killed Robin
  2201 | D:3      | Found a bloodstained altar of Trog.
  2222 | D:3      | Found a shimmering blue altar of Sif Muna.
  2230 | D:3      | Reached XP level 5. HP: 22/41 MP: 9/9
  2232 | D:3      | Got Sif Muna's Grimoire of the Battered Tales
  2379 | D:3      | Learned a level 3 spell: Hailstorm
  2522 | D:3      | Identified the +1 war axe "Wurial" {heavy, *Rage rN+++
                  | Str+7}
  2794 | D:4      | Reached skill level 1 in Evocations
  2815 | D:4      | You fall into a shaft and drop 3 floors!
  2959 | D:6      | Reached skill level 1 in Armour
  2959 | D:6      | Reached XP level 6. HP: 47/47 MP: 9/11
  3004 | D:6      | Noticed an ogre
  3007 | D:6      | Reached skill level 1 in Shields
  3211 | D:4      | Reached skill level 1 in Ice Magic
  3247 | D:4      | You fall into a shaft and drop 1 floor!
  3362 | D:4      | Found a runed translucent gate.
  3363 | D:4      | Found a runed translucent gate.
  3364 | D:4      | Found a runed translucent gate.
  3365 | D:4      | Found an opulent altar of Gozag.
  3367 | D:4      | Noticed Enter's ghost (amateur FeBe)
  3515 | D:4      | HP: 2/47 [sleepcap (18)]
  3518 | D:4      | Reached skill level 1 in Conjurations
  4028 | D:5      | Noticed a black bear
  4164 | D:6      | Noticed Grinder
  4250 | D:5      | Reached XP level 7. HP: 49/52 MP: 12/12
  4652 | D:5      | Reached skill level 2 in Shields
  4690 | D:5      | Found a staircase to the Ecumenical Temple.
  4698 | Temple   | Entered the Ecumenical Temple
  4731 | Temple   | Became a worshipper of Vehumet
  4926 | D:5      | Found a runed translucent door.
  4938 | D:5      | Noticed an acid dragon
  4943 | D:5      | You fall into a shaft and drop 3 floors!
  5086 | D:8      | Noticed Maurice
  5349 | D:9      | Noticed Erica
  5367 | D:10     | Entered Level 10 of the Dungeon
  5379 | D:9      | Reached XP level 8. HP: 58/58 MP: 14/14
  5451 | D:10     | Noticed a shadow
  5460 | D:10     | Noticed a shadow
  5460 | D:10     | Noticed a wraith
  5521 | D:8      | Learned a level 1 spell: Freeze
  5541 | D:7      | Reached skill level 3 in Shields
  5676 | D:8      | Found a staircase to the Lair.
  5706 | D:8      | Found Causty's Jewellery Boutique.
  5716 | D:8      | Learned a level 5 spell: Freezing Cloud
  5718 | D:8      | Learned a level 1 spell: Apportation
  5726 | D:8      | Bought a ring of wizardry for 300 gold pieces
  5797 | D:8      | Found Unuir's Distillery.
  5823 | D:8      | Maurice stole the +1 war axe "Wurial" {heavy, *Rage rN+++
                  | Str+7, !f =f}
  5826 | D:8      | Maurice stole an amulet of magic regeneration
  5827 | D:8      | Maurice stole a blade talisman
  5831 | D:8      | Killed Maurice
  5832 | D:8      | Reached skill level 5 in Spellcasting
  5920 | D:8      | Reached skill level 1 in Translocations
  5920 | D:8      | Reached skill level 1 in Air Magic
  6035 | D:9      | Reached XP level 9. HP: 28/64 MP: 13/17
  6165 | D:9      | Reached * piety under Vehumet
  6165 | D:9      | Offered knowledge of Magic Dart by Vehumet.
  6319 | D:8      | Found Suaw Yla's Weapon Shop.
  6479 | D:8      | Found Tupiza Osakh's Armour Shoppe.
  6845 | D:6      | Reached skill level 4 in Shields
  7254 | D:5      | Reached skill level 1 in Short Blades
  7770 | D:5      | Noticed Doj's ghost (novice DsSh)
  7819 | D:5      | Reached ** piety under Vehumet
  7828 | D:5      | Offered knowledge of Static Discharge by Vehumet.
  8009 | D:6      | Killed Grinder
  8679 | D:7      | Identified the +1 hand axe "Zifu" {flame, rPois rN+ Str+5}
  8724 | D:8      | Bought a +0 orcbow of freezing for 99 gold pieces
  8973 | D:8      | Reached skill level 5 in Shields
  8973 | D:8      | Reached XP level 10. HP: 65/70 MP: 17/19
  9037 | D:8      | Found Joull's Antique Weapon Shoppe.
  9509 | D:10     | Found Neqiapuk's Demolitions Depot.
  9740 | D:10     | Reached skill level 5 in Conjurations
  9864 | D:8      | Found a runed translucent gate.
  9867 | D:8      | Found a runed translucent gate.
  9867 | D:8      | Found a runed translucent gate.
 10045 | D:8      | Noticed ranchalot's ghost (novice OpSh)
 10045 | D:8      | Noticed a spectral unseen horror
 10616 | D:10     | Found Ishedeet's Incredible Inventory.
 10648 | D:10     | Bought a scroll of identify for 32 gold pieces
 10687 | D:9      | Reached skill level 5 in Ice Magic
 11342 | D:9      | Found a staircase to the Orcish Mines.
 11362 | D:9      | Killed Erica
 11539 | D:9      | Found a runed translucent gate.
 11539 | D:9      | Found a runed translucent gate.
 11539 | D:9      | Found a runed translucent gate.
 11539 | D:9      | Noticed Fractals's ghost (novice DsBr)
 11539 | D:9      | Noticed a kobold demonologist
 11539 | D:9      | Noticed a kobold demonologist
 11674 | D:9      | Reached XP level 11. HP: 55/75 MP: 6/21
 11694 | D:9      | You fall into a shaft and drop 1 floor!
 12099 | D:11     | Noticed a boulder beetle
 12242 | D:12     | Noticed a deep elf pyromancer
 12248 | D:12     | Killed a deep elf pyromancer
 12420 | D:12     | Identified the amulet of Autumn {Spirit Dex+3}
 12468 | D:12     | Noticed a manticore
 12475 | D:12     | Killed a manticore
 12561 | D:11     | Offered knowledge of Poisonous Vapours by Vehumet.
 12562 | D:11     | Reached skill level 5 in Air Magic
 12567 | D:11     | Learned a level 2 spell: Poisonous Vapours
 13322 | D:11     | Noticed a manticore
 13326 | D:11     | Killed a manticore
 13587 | D:11     | Killed a boulder beetle
 13846 | D:11     | Noticed a cyan ugly thing
 13854 | D:11     | Killed a cyan ugly thing
 13934 | D:11     | Noticed a cyan ugly thing
 13940 | D:11     | Killed a cyan ugly thing
 14290 | D:13     | Identified the +0 chain mail of Going Fast {Regen+ Int+3}
 14321 | D:13     | Noticed a manticore
 14326 | D:13     | Killed a manticore
 14503 | D:13     | Reached *** piety under Vehumet
 14613 | D:14     | Noticed Josephine
 14867 | D:14     | Killed Josephine
 14868 | D:14     | Reached XP level 12. HP: 73/82 MP: 16/22
 14881 | D:14     | Reached skill level 6 in Shields
 14993 | D:14     | Reached skill level 5 in Dodging
 15939 | D:12     | Found a bloodstained altar of Trog.
 16052 | D:12     | Offered knowledge of Iskenderun's Mystic Blast by Vehumet.
 16053 | D:12     | Reached skill level 7 in Shields
 16058 | D:12     | Learned a level 4 spell: Iskenderun's Mystic Blast
 16396 | D:13     | Noticed a boulder beetle
 16690 | D:14     | Reached skill level 5 in Fighting
 16781 | D:15     | Entered Level 15 of the Dungeon
 16824 | D:13     | Identified the ring of Arrival {rN+ rCorr Stlth+}
 16966 | Lair:1   | Entered Level 1 of the Lair of Beasts
 16976 | Lair:1   | Reached skill level 5 in Armour
 17085 | Lair:1   | Reached XP level 13. HP: 91/91 MP: 16/25
 17188 | Lair:2   | Noticed Gastronok
 17305 | Lair:2   | Killed Gastronok
 17417 | Lair:2   | Found a staircase to the Shoals.
 17446 | Lair:3   | Noticed quinnr's ghost (journeyman TeAE)
 17446 | Lair:3   | Found a transporter.
 17446 | Lair:3   | Found a transporter.
 18121 | D:10     | Bought a book of Flames for 392 gold pieces
 18131 | D:10     | Learned a level 4 spell: Sticky Flame
 18247 | Lair:1   | Reached skill level 8 in Shields
 18365 | Lair:1   | Reached skill level 1 in Fire Magic
 19318 | Lair:2   | Noticed Urug
 19325 | Lair:2   | Killed Urug
 19629 | Lair:3   | Found a staircase to the Snake Pit.
 19790 | Lair:3   | Identified the +0 scimitar "Xioled" {flame, *Corrode Str+6
                  | Int+3}
 20050 | Lair:3   | Reached **** piety under Vehumet
 20146 | Lair:3   | Noticed a seven-headed hydra
 20151 | Lair:3   | Killed a seven-headed hydra
 20331 | Lair:3   | Offered knowledge of Frozen Ramparts by Vehumet.
 20950 | Lair:3   | Reached skill level 9 in Shields
 21159 | Lair:3   | Reached XP level 14. HP: 103/103 MP: 27/27
 21500 | Lair:4   | Noticed Sonja
 21897 | Lair:4   | Killed Sonja
 21898 | Lair:4   | Reached skill level 5 in Fire Magic
 22152 | Lair:4   | Noticed an acid blob
 22153 | Lair:4   | Found a runed translucent door.
 22154 | Lair:4   | Found a staircase to the Slime Pits.
 22155 | Lair:4   | Noticed an acid blob
 22155 | Lair:4   | Noticed an acid blob
 22187 | Lair:5   | Entered Level 5 of the Lair of Beasts
 22888 | Lair:4   | Reached ***** piety under Vehumet
 23156 | Lair:5   | Found a transporter.
 23167 | Lair:5   | Found a transporter.
 23180 | Lair:5   | Learned a level 4 spell: Passage of Golubria
 23180 | Lair:5   | Noticed ShellytheWitch's ghost (adept KoBr)
 23392 | Lair:5   | Offered knowledge of Fireball by Vehumet.
 23502 | Lair:5   | Learned a level 5 spell: Fireball
 23560 | Lair:5   | Reached skill level 5 in Translocations
 23914 | Lair:5   | Noticed a dire elephant
 23926 | Lair:5   | Killed a dire elephant
 25005 | Lair:5   | Reached XP level 15. HP: 110/110 MP: 26/28
 25402 | Lair:4   | You are sucked into a shaft and drop 1 floor!
 25510 | Lair:4   | Killed an acid blob
 25510 | Lair:4   | Killed an acid blob
 25511 | Lair:4   | Reached skill level 5 in Ranged Weapons
 25517 | Lair:4   | Killed an acid blob
 25882 | D:8      | Bought a +0 pair of gloves for 58 gold pieces
 25921 | D:8      | Bought the ring of Iwiutun {rElec Will+ AC+4 Dex+3 Stlth-}
                  | for 605 gold pieces
 25938 | D:8      | Bought a potion of magic for 104 gold pieces
 25938 | D:8      | Bought a potion of heal wounds for 65 gold pieces
 25980 | Orc:1    | Entered Level 1 of the Orcish Mines
 26324 | Orc:1    | Offered knowledge of Conjure Ball Lightning by Vehumet.
 26398 | D:10     | Learned a level 6 spell: Conjure Ball Lightning
 26488 | Orc:1    | Found Coaloedu's Magic Scroll Emporium.
 26650 | Orc:2    | Entered Level 2 of the Orcish Mines
 26650 | Orc:2    | Found Zep Nucify's Vocational Training.
 26747 | Orc:2    | Found a staircase to the Elven Halls.
 28721 | Orc:2    | Offered knowledge of Arcjolt by Vehumet.
 29244 | Orc:2    | Found Arphaugg's Distillery.
 29244 | Orc:2    | Found Azxi's Book Emporium.
 29245 | Orc:2    | Found Wizxomepp's Antique Armour Shoppe.
 29245 | Orc:2    | Found Ufeaz's Assorted Antiques.
 29268 | Orc:2    | Bought a Young Poisoner's Handbook for 260 gold pieces
 29273 | Orc:2    | Bought a pair of boots for 108 gold pieces
 29273 | Orc:2    | Bought a pair of embroidered gloves for 180 gold pieces
 29276 | Orc:2    | Bought 2 potions of curing for 78 gold pieces
 29710 | D:4      | Killed Enter's ghost
 29910 | D:5      | Killed Doj's ghost
 30750 | D:7      | Noticed Menkaure
 30755 | D:7      | Killed Menkaure
 30932 | D:7      | Identified the +8 long sword "Ryes" {flame, rC++}
 31103 | D:8      | You fall into a shaft and drop 2 floors!
 31171 | D:8      | Reached skill level 1 in Poison Magic
 31299 | D:8      | Killed ranchalot's ghost
 31523 | D:9      | You fall into a shaft and drop 2 floors!
 31767 | D:9      | You fall into a shaft and drop 3 floors!
 31950 | D:9      | Killed Fractals's ghost
 32057 | D:9      | Reached skill level 10 in Conjurations
 32548 | D:10     | Learned a level 4 spell: Olgreb's Toxic Radiance
 32654 | Shoals:1 | Entered Level 1 of the Shoals
 32654 | Shoals:1 | Noticed a kraken
 32849 | Shoals:1 | Identified the +0 robe of Ashenzari's Hope {rN+ Archmagi}
 32890 | Shoals:1 | Killed a kraken
 32906 | Shoals:1 | Reached skill level 10 in Spellcasting
 33115 | Shoals:1 | Identified the +2 falchion "Loilum" {freeze, rElec rPois
                  | Will- Int+4}
 33314 | Shoals:1 | Found a runed translucent door.
 33319 | Shoals:1 | Noticed Duttonia's ghost (journeyman MeWn)
 33332 | Shoals:1 | Reached XP level 16. HP: 101/117 MP: 15/30
 33868 | Shoals:1 | Reached skill level 5 in Poison Magic
 34800 | Shoals:2 | Noticed Louise
 35331 | Shoals:2 | Found Xaw Zucy's General Store.
 35450 | Shoals:2 | Killed Louise
 35450 | Shoals:2 | Offered knowledge of Plasma Beam by Vehumet.
 35641 | Shoals:2 | Bought a potion of curing for 57 gold pieces
 35704 | Shoals:4 | Identified the "Faup"
 35704 | Shoals:4 | Entered Level 4 of the Shoals
 35704 | Shoals:4 | Noticed Donald
 36278 | Shoals:2 | Reached skill level 10 in Stealth
 36395 | Shoals:2 | Noticed Ilsuiw
 36610 | Shoals:2 | Killed Ilsuiw
 37273 | Shoals:3 | Identified the +0 plate armour "Fotray" {Fly rF+ Str-5}
 37647 | Orc:2    | Bought a potion of magic for 104 gold pieces
 37647 | Orc:2    | Bought a potion of magic for 104 gold pieces
 37647 | Orc:2    | Bought a potion of attraction for 39 gold pieces
 38183 | Shoals:3 | Found a bloodstained altar of Trog.
 38802 | Shoals:3 | Offered knowledge of Spellforged Servitor by Vehumet.
 38956 | Shoals:4 | Reached XP level 17. HP: 115/125 MP: 8/32
 39421 | Shoals:4 | Killed Donald
 40581 | Shoals:4 | Reached skill level 10 in Shields
 42022 | Shoals:4 | Got a barnacled rune of Zot
 44266 | D:14     | Found a gate to the Vaults.
 44508 | D:14     | Reached skill level 10 in Fighting
 45299 | D:15     | Reached skill level 11 in Shields
 45462 | D:15     | Found a glowing golden altar of the Shining One.
 45593 | D:15     | Offered knowledge of Irradiate by Vehumet.
 45737 | D:15     | Found a staircase to the Depths.
 45955 | Vaults:5 | Identified the of Inluwani
 45955 | WizLab   | Identified the "Aco Iras"
 45955 | Depths:1 | Entered Level 1 of the Depths
 45983 | Depths:1 | Reached XP level 18. HP: 135/135 MP: 21/33
 46096 | Depths:1 | Found a gateway to Hell.
 46235 | Depths:1 | Identified the +2 pair of gloves "Halul" {rElec Will+
                  | rCorr}
 46274 | Depths:1 | Found a one-way gateway to a ziggurat.
 46932 | Depths:1 | Noticed Saint Roka
 46947 | Depths:1 | Killed Saint Roka
 47188 | Depths:2 | Identified the "Xacwyr"
 47188 | Depths:2 | Identified the "Bothruj"
 47196 | Depths:2 | Reached skill level 10 in Translocations
 47437 | Depths:2 | Noticed a sphinx
 47886 | D:8      | Bought an amulet of the acrobat for 300 gold pieces
 48151 | Elf:1    | Entered Level 1 of the Elven Halls
 48293 | Elf:1    | Learned a level 3 spell: Ignite Poison
 48612 | Elf:1    | Reached skill level 1 in Transmutations
 48709 | Elf:1    | Reached skill level 12 in Shields
 48929 | Elf:1    | Found Unumuna's Weapon Shop.
 49072 | Elf:1    | Noticed Asterion
 49373 | Elf:2    | Found Xeotooq's Magic Scroll Shop.
 49383 | Elf:2    | Bought a scroll of enchant armour for 105 gold pieces
 50065 | Elf:2    | Reached skill level 10 in Armour
 50339 | Elf:2    | Reached XP level 19. HP: 135/144 MP: 24/35
 50451 | Elf:3    | Entered Level 3 of the Elven Halls
 50524 | Elf:2    | Reached skill level 13 in Shields
 50668 | Elf:2    | Found a runed translucent gate.
 50669 | Elf:2    | Found a runed translucent gate.
 50670 | Elf:2    | Found a runed translucent gate.
 51709 | Elf:3    | Offered knowledge of Starburst by Vehumet.
 52568 | Elf:3    | Identified the +1 robe "Sumant" {rF+ rC+}
 52568 | Elf:3    | Noticed a deep elf blademaster
 52579 | Elf:3    | Killed a deep elf blademaster
 52743 | Elf:3    | Identified the ring "Tiygajod" {rElec Slay+3 SInv}
 52902 | Elf:3    | Noticed a deep elf blademaster
 52966 | Elf:3    | Identified the +0 trident of Dojuorch {antimagic, rPois rC+
                  | Dex+3}
 52974 | Elf:3    | Noticed a Brimstone Fiend
 53171 | Orc:1    | Bought a scroll of fog for 48 gold pieces
 53253 | Elf:2    | Bought a scroll of enchant weapon for 105 gold pieces
 53646 | Elf:3    | Identified the +4 scale mail of Elyvilon's Supremacy {rPois
                  | rN+}
 53646 | Elf:3    | Identified the amulet "Anedd" {Acrobat rElec}
 53865 | Elf:3    | Reached skill level 14 in Shields
 54055 | Elf:3    | Learned a level 2 spell: Sublimation of Blood
 54078 | Elf:3    | Killed a deep elf blademaster
 54079 | Elf:3    | Reached skill level 1 in Necromancy
 54834 | Elf:3    | Learned a level 7 spell: Orb of Destruction
 54841 | Elf:3    | Identified the staff of Imbalance {rF+ Int+2 Fire}
 55393 | Elf:2    | Reached skill level 5 in Necromancy
 55543 | Elf:2    | Noticed a deep elf blademaster
 55559 | Elf:2    | Killed a deep elf blademaster
 55924 | Elf:2    | Reached XP level 20. HP: 149/150 MP: 14/37
 56506 | Elf:2    | Bought a scroll of enchant weapon for 105 gold pieces
 56506 | Elf:2    | Bought a scroll of poison for 56 gold pieces
 56756 | Shoals:1 | Killed Duttonia's ghost
 56870 | Lair:3   | You are sucked into a shaft and drop 1 floor!
 57035 | Lair:3   | Killed quinnr's ghost
 57390 | Snake:1  | Entered Level 1 of the Snake Pit
 57640 | Snake:1  | Noticed Agnes
 57647 | Snake:1  | Killed Agnes
 57932 | Snake:1  | Identified the serpent talisman of Dyugiu Coidd {Str+4}
 57932 | Snake:1  | Noticed Aizul
 57944 | Snake:1  | Killed Aizul
 58263 | Snake:1  | Found Xyrphelask's Gadget Gallery.
 58335 | Snake:1  | Noticed Frances
 58341 | Snake:1  | Killed Frances
 60730 | Snake:3  | Found Usih Tuly's Book Boutique.
 60818 | Snake:3  | Reached ****** piety under Vehumet
 61460 | Snake:4  | Entered Level 4 of the Snake Pit
 61475 | Snake:4  | Noticed Kirke
 61481 | Snake:4  | Killed Kirke
 62167 | Snake:4  | Reached skill level 10 in Fire Magic
 62276 | Snake:4  | Found Saamal's Assorted Antiques.
 62526 | Snake:4  | Reached XP level 21. HP: 159/159 MP: 28/39
 62952 | Snake:4  | Noticed Nikola
 63048 | Snake:4  | Killed Nikola
 63319 | Snake:4  | Offered knowledge of Chain Lightning by Vehumet.
 63319 | Snake:4  | Offered knowledge of Polar Vortex by Vehumet.
 63319 | Snake:4  | Offered knowledge of Ignition by Vehumet.
 63556 | Snake:4  | Got a serpentine rune of Zot
 63942 | Vaults:1 | Entered Level 1 of the Vaults
 65439 | Vaults:1 | Reached skill level 15 in Spellcasting
 66520 | Vaults:2 | Reached XP level 22. HP: 64/165 MP: 30/41
 67525 | Vaults:3 | Noticed a golden dragon
 67539 | Vaults:3 | Killed a golden dragon
 68532 | Vaults:2 | Identified the serpent talisman "Urumut" {rElec rF- rN+++
                  | SInv}
 69406 | Vaults:2 | Found a staircase to the Crypt.
 69409 | Crypt:1  | Entered Level 1 of the Crypt
 69832 | Vaults:3 | Identified the +3 shortbow of Tayrch {speed, rCorr Str-3
                  | Dex+2}
 70085 | Vaults:3 | Reached skill level 15 in Conjurations
 70971 | Vaults:4 | Reached XP level 23. HP: 171/171 MP: 22/43
 73129 | Crypt:2  | Found a magical portal.
 73138 | WizLab   | Entered The Hall of the Hellbinder
 73736 | WizLab   | Noticed Fenuoficw
 73866 | WizLab   | Killed Fenuoficw the Hellbinder
 73930 | WizLab   | Found a burning altar of Makhleb.
 73993 | WizLab   | Identified the ring of Suspicion {Str+3 Dex+6}
 73996 | WizLab   | Identified the ring of Pride {rC+ Int-3 Dex+4}
 74247 | Crypt:3  | Entered Level 3 of the Crypt
 74265 | Crypt:3  | Noticed Vv
 74276 | Crypt:3  | Killed Vv
 74381 | Crypt:2  | Reached skill level 1 in Long Blades
 74738 | Crypt:3  | Noticed Boris
 75638 | Crypt:1  | Reached XP level 24. HP: 172/173 MP: 33/45
 75819 | Crypt:1  | Reached skill level 10 in Necromancy
 76314 | D:10     | Bought a book of Annihilations for 840 gold pieces
 76332 | D:10     | Learned a level 9 spell: Fire Storm
 76335 | D:10     | Bought a book of Lightning for 504 gold pieces
 76390 | D:8      | Bought a pitted quarterstaff for 252 gold pieces
 76390 | D:8      | Identified the +6 quarterstaff "Glorpo" {freeze, Fly rPois}
                  | (You bought it in a shop on level 8 of the Dungeon)
 76482 | D:10     | Learned a level 6 spell: Plasma Beam
 77080 | Crypt:3  | Reached skill level 15 in Shields
 78540 | Crypt:3  | Noticed an ancient lich
 78590 | Crypt:3  | Killed an ancient lich
 78716 | Crypt:3  | Found a staircase to the Tomb.
 78805 | Crypt:3  | Found an ancient bone altar of Kikubaaqudgha.
 78842 | Crypt:3  | Found a basalt altar of Yredelemnul.
 78848 | Crypt:3  | Identified the +6 hand axe of Zuacosipt {flame, Dex+3}
 78849 | Crypt:3  | Found the +9 sword of Zonguldrok {reap}
 78925 | Crypt:3  | Identified the ring "Ymminef" {rF+ rN+ rCorr Int-4}
 78925 | Crypt:3  | Identified the ring "Kudiger" {rN+ Str-3 Int+3 Stlth+}
 79056 | Zot:2    | Identified the of Qusaoso
 79056 | Zot:4    | Identified the "Laukhl Xijeun"
 79056 | Slime:5  | Identified the "Asocrul"
 79056 | Tomb:1   | Entered Level 1 of the Tomb of the Ancients
 79142 | Tomb:1   | Reached skill level 16 in Shields
 79888 | Tomb:1   | Noticed a royal mummy
 79898 | Tomb:1   | Killed a royal mummy
 80615 | Tomb:1   | Gained mutation: You are clumsy. (Dex -2) [a neqoxec]
 80616 | Tomb:1   | Gained mutation: You have hidden genetic defects. [a
                  | neqoxec]
 80775 | Tomb:1   | Noticed a royal mummy
 80786 | Tomb:1   | Killed a royal mummy
 81226 | Tomb:1   | Reached skill level 17 in Shields
 82223 | Elf:1    | Found Unumuna's Weapon Shop.
 82353 | Elf:1    | Killed Asterion
 82625 | Depths:1 | Found a one-way gate leading to the halls of Pandemonium.
 82774 | Depths:1 | Reached XP level 25. HP: 145/184 MP: 35/45
 82943 | Depths:1 | Found a one-way gate to the infinite horrors of the Abyss.
 83271 | Depths:2 | Gained mutation: You are weak. (Str -2) [hidden defects]
 84024 | Depths:2 | Reached skill level 15 in Fire Magic
 84089 | Depths:2 | Reached skill level 18 in Shields
 84137 | Depths:2 | Gained mutation: You occasionally shout uncontrollably at
                  | your foes. [hidden defects]
 84137 | Depths:2 | Lost mutation: You have hidden genetic defects. [hidden
                  | defects expressed]
 84145 | Depths:2 | Found Donuaxt's Assorted Antiques.
 84155 | Depths:2 | Bought a scroll labelled AGAV NUMORUJ for 25 gold pieces
 84155 | Depths:2 | Bought a scroll of revelation for 187 gold pieces
 84156 | Depths:2 | Identified the "Woucs" (You acquired it on level 2 of the
                  | Depths)
 85366 | Depths:3 | Found a white marble altar of Elyvilon.
 85791 | Depths:4 | Entered Level 4 of the Depths
 85978 | Depths:3 | Identified the +0 scale mail of the Equator {Rampage rF+
                  | Str+3 Int+3}
 86205 | Depths:3 | Reached skill level 19 in Shields
 86697 | Depths:3 | Found a shimmering blue altar of Sif Muna.
 88118 | Depths:4 | Reached XP level 26. HP: 183/191 MP: 38/46
 88551 | Depths:3 | Reached skill level 20 in Shields
 88811 | Depths:4 | Found a runed translucent door.
 88908 | Depths:4 | Reached skill level 1 in Staves
 88941 | Depths:4 | Found a runed translucent door.
 88951 | Depths:4 | Found a runed translucent door.
 88953 | Depths:4 | Found a runed translucent door.
 88953 | Depths:4 | Found a runed translucent door.
 89000 | Depths:4 | Found a runed translucent door.
 89069 | Depths:4 | Found a gate to the Realm of Zot.
 90629 | Depths:2 | Bought a potion of resistance for 250 gold pieces
 90629 | Depths:2 | Bought a wand of acid (4) for 420 gold pieces
 90839 | Orc:1    | Bought a scroll of amnesia for 48 gold pieces
 90839 | Orc:1    | Bought a scroll of enchant armour for 90 gold pieces
 90839 | Orc:1    | Bought a scroll of amnesia for 48 gold pieces
 90976 | Shoals:2 | Bought a potion of mutation for 152 gold pieces
 90976 | Shoals:2 | Bought a scroll of revelation for 142 gold pieces
 91159 | Orc:2    | Bought a potion of cancellation for 104 gold pieces
 91159 | Orc:2    | Bought a potion of brilliance for 52 gold pieces
 91159 | Orc:2    | Bought a potion of brilliance for 52 gold pieces
 91159 | Orc:2    | Bought a potion of curing for 39 gold pieces
 91160 | Orc:2    | Bought a jade ring for 120 gold pieces
 91160 | Orc:2    | Bought a potion of enlightenment for 120 gold pieces
 91160 | Orc:2    | Bought a potion of curing for 72 gold pieces
 91405 | Slime:1  | Entered Level 1 of the Pits of Slime
 91478 | Slime:1  | Gained mutation: You occasionally lose the ability to read
                  | scrolls when taking damage. [a shining eye]
 91481 | Slime:1  | Gained mutation: You frequently scream uncontrollably at
                  | your foes. [a shining eye]
 91862 | Slime:2  | Learned a level 3 spell: Ozocubu's Armour
 92760 | Slime:2  | Lost mutation: You are weak. (Str -2) [a shining eye]
 92916 | Slime:5  | Entered Level 5 of the Pits of Slime
 93023 | Slime:4  | Reached skill level 21 in Shields
 93568 | Slime:5  | Noticed the Royal Jelly
 93582 | Slime:5  | Killed the Royal Jelly
 93904 | Slime:5  | Reached skill level 5 in Staves
 94044 | Slime:5  | Got a slimy rune of Zot
 94062 | Slime:5  | Identified the +2 chain mail "Gukhlytu" {Rampage rF+++
                  | rCorr Stlth-}
 94170 | Slime:5  | Identified the +8 plate armour of Yfihuk {Harm +Inv Dex-4}
 94201 | Slime:5  | Identified the amulet of the Freezing Fool {+Inv Regen+}
 94246 | Slime:5  | Identified the +5 spear of Light {chaos, Int+6}
 94253 | Slime:5  | Identified the +8 trident "Qawk" {venom, Str+5}
 94254 | Slime:5  | Identified the orb of Happiness {mayhem, rElec rN+}
 94255 | Slime:5  | Identified the +6 quarterstaff of Suete {venom, rF+}
 95930 | Zot:1    | Entered Level 1 of the Realm of Zot
 96061 | Zot:1    | Reached XP level 27. HP: 197/197 MP: 8/46
 97132 | Zot:1    | Reached skill level 22 in Shields
 99876 | Zot:2    | Noticed an orb of fire
 99877 | Zot:2    | Gained mutation: You passively map a small area around you.
                  | [an orb of fire]
100143 | Zot:2    | Killed an orb of fire
103044 | Zot:3    | Found the +4 dragonskin cloak
103044 | Zot:3    | Noticed Tiamat
103477 | Zot:3    | Noticed a Killer Klown
103488 | Zot:3    | Killed a Killer Klown
103655 | Zot:3    | Noticed a Killer Klown
103657 | Zot:3    | Killed a Killer Klown
103807 | Zot:3    | Noticed a Killer Klown
103810 | Zot:3    | Killed a Killer Klown
103850 | Zot:3    | Killed Tiamat
104184 | Zot:3    | Acquired the Cyclopedia of the Loathsome Icicle
104606 | Zot:3    | Found a shimmering altar of Xom.
104607 | Zot:3    | Found a shimmering altar of Xom.
104609 | Zot:3    | Found a shimmering altar of Xom.
104609 | Zot:3    | Found a glowing silver altar of Zin.
104610 | Zot:3    | Found a shimmering altar of Xom.
104625 | Zot:3    | Found a shimmering altar of Xom.
105102 | Zot:5    | Entered Level 5 of the Realm of Zot
105429 | D:10     | Acquired the +1 pair of gloves "Fuubahe" {rF+ rCorr Int+3
                  | Slay+3}
108277 | Zot:5    | Noticed an orb of fire
108279 | Zot:5    | Gained mutation: Armour fits poorly on your strangely
                  | shaped body. [an orb of fire]
108440 | Zot:5    | Noticed an orb of fire
108440 | Zot:5    | Noticed an orb of fire
108440 | Zot:5    | Noticed an orb of fire
108440 | Zot:5    | Gained mutation: You are frail. (-10% HP) [an orb of fire]
108440 | Zot:5    | Noticed an orb of fire
108524 | Zot:5    | Noticed an ancient lich
108525 | Zot:5    | Gained mutation: Your body sometimes deteriorates upon
                  | taking damage. [an orb of fire]
108527 | Zot:5    | Killed an ancient lich
108787 | Zot:5    | Noticed an orb of fire
108792 | Zot:5    | Killed an orb of fire
108804 | Zot:5    | Noticed an orb of fire
108807 | Zot:5    | Killed an orb of fire
109055 | Zot:5    | Noticed an orb of fire
109057 | Zot:5    | Gained mutation: Your spells are a little easier to cast,
                  | but a little less powerful. [an orb of fire]
109063 | Zot:5    | Killed an orb of fire
109079 | Zot:5    | Gained mutation: Your spells are easier to cast, but less
                  | powerful. [an orb of fire]
109081 | Zot:5    | Killed an orb of fire
109294 | Zot:5    | Gained mutation: You are vulnerable to cold. (rC-) [an orb
                  | of fire]
109618 | Zot:5    | Gained mutation: You are weak. (Str -2) [an orb of fire]
109905 | Zot:5    | Killed an orb of fire
110085 | Zot:5    | Killed an orb of fire
110240 | Zot:5    | Gained mutation: Your spells are much easier to cast, but
                  | much less powerful. [an orb of fire]
110244 | Zot:5    | Killed an orb of fire
110668 | Zot:5    | Noticed a Killer Klown
110668 | Zot:5    | Noticed a dread lich
110670 | Zot:5    | Noticed a Killer Klown
110938 | Zot:5    | Killed a dread lich
111197 | Zot:5    | Killed a Killer Klown
111304 | Zot:5    | Killed a Killer Klown
111504 | Zot:5    | Gained mutation: Your body often deteriorates upon taking
                  | damage. [an orb of fire]
111506 | Zot:5    | Killed an orb of fire
113114 | D:10     | Lost mutation: You frequently scream uncontrollably at your
                  | foes. [potion of mutation]
113114 | D:10     | Lost mutation: Armour fits poorly on your strangely shaped
                  | body. [potion of mutation]
113114 | D:10     | Lost mutation: Your body often deteriorates upon taking
                  | damage. [potion of mutation]
113114 | D:10     | Gained mutation: You possess an exceptional clarity of
                  | mind. [potion of mutation]
113115 | D:10     | Lost mutation: You occasionally lose the ability to read
                  | scrolls when taking damage. [potion of mutation]
113115 | D:10     | Lost mutation: You possess an exceptional clarity of mind.
                  | [potion of mutation]
113115 | D:10     | Gained mutation: You are partially covered in iridescent
                  | scales. (AC +2) [potion of mutation]
113116 | D:10     | Lost mutation: You occasionally shout uncontrollably at
                  | your foes. [potion of mutation]
113116 | D:10     | Lost mutation: Your body sometimes deteriorates upon taking
                  | damage. [potion of mutation]
113116 | D:10     | Gained mutation: Your mind is acute. (Int +4, Str/Dex -1)
                  | [potion of mutation]
113117 | D:10     | Lost mutation: You are weak. (Str -2) [potion of mutation]
113117 | D:10     | Lost mutation: You are clumsy. (Dex -2) [potion of
                  | mutation]
113117 | D:10     | Gained mutation: Your system is resistant to poisons.
                  | (rPois) [potion of mutation]
113118 | D:10     | Lost mutation: You are partially covered in iridescent
                  | scales. (AC +2) [potion of mutation]
113118 | D:10     | Lost mutation: You are vulnerable to cold. (rC-) [potion of
                  | mutation]
113118 | D:10     | Lost mutation: You are frail. (-10% HP) [potion of
                  | mutation]
113118 | D:10     | Gained mutation: Your flesh is cold resistant. (rC+)
                  | [potion of mutation]
113118 | D:10     | Lost mutation: Your mind is acute. (Int +4, Str/Dex -1)
                  | [potion of mutation]
113118 | D:10     | Gained mutation: You are agile. (Dex +4, Str/Int -1)
                  | [potion of mutation]
113132 | D:10     | Learned a level 9 spell: Polar Vortex
113581 | Vaults:5 | Entered Level 5 of the Vaults
113585 | Vaults:5 | Reached skill level 10 in Ice Magic
113866 | Vaults:5 | Got a silver rune of Zot
113902 | Vaults:5 | Identified the +5 scimitar "Lodaud" {heavy, rElec}
113907 | Vaults:5 | Noticed an ancient lich
113913 | Vaults:5 | Identified the amulet of Gyhutt {Faith rF+ rC- Regen+}
113915 | Vaults:5 | Identified the amulet of the Fiend {Acrobat Will+}
113957 | Vaults:5 | Killed an ancient lich
115035 | Vaults:5 | Identified the +3 leather armour "Ciesme" {Slay+3}
115304 | Vaults:5 | Reached skill level 15 in Ice Magic
115742 | Vaults:5 | Reached skill level 1 in Polearms
116224 | Hell     | Entered the Vestibule of Hell
116224 | Hell     | Noticed Geryon
116239 | Hell     | Killed Geryon
116352 | Hell     | Noticed Murray
116363 | Hell     | Killed Murray
116850 | Hell     | Found a gateway to the ashen valley of Gehenna.
117000 | Hell     | Found a gateway to the Iron City of Dis.
117168 | Hell     | Found a gateway to the freezing wastes of Cocytus.
117245 | Hell     | Found a gateway to the decaying netherworld of Tartarus.
117731 | Lair:5   | Killed ShellytheWitch's ghost
117759 | Lair:5   | Identified the ring of Sobrus {Str+3 Int+6 Dex+2}
118623 | Tomb:2   | Noticed a royal mummy
118623 | Tomb:2   | Noticed a royal mummy
118624 | Tomb:2   | Noticed a royal mummy
118624 | Tomb:2   | Noticed a royal mummy
118624 | Tomb:2   | Noticed a royal mummy
118635 | Tomb:2   | HP: 9/197 [royal mummy/divine providence (17)]
118637 | Tomb:2   | Killed a royal mummy
118637 | Tomb:2   | Demolished by an emperor scorpion

Illustrated notes

Levels and vault maps discovered:
D:1:      arrival_aquarium_b, layout_basic, serial_bayou_crossing
D:2:      layout_loops_ring, uniq_robin
D:3:      layout_rooms, nzn_overflow_gifts_of_might_and_magic,
          minmay_joined_circles
D:4:      layout_basic, ebering_ghost_gozag, minmay_pentomino_pile
D:5:      minmay_recursive_quarters, layout_loops_cross,
          minmay_temple_entry_tees, ebering_ghost_sewer_d
D:6:      lemuel_ice_spiral_2, layout_basic, uniq_grinder
D:7:      layout_loops_ring, minmay_fire_ice_demons, uniq_menkaure
D:8:      layout_loops_cross, dpeg_oklobed_lair, serial_shops,
          nicolae_shop_waterfront, shop, shop, shop, shop,
          gammafunk_ghost_necromancy, kennysheep_generic_room_11, uniq_maurice
D:9:      layout_basic, orc_0_dummy, gammafunk_ghost_nasty_kobolds,
          nrook_pool_corridor, uniq_erica
D:10:     layout_basic, nicolae_blasting_shop,
          hangedman_abyss_or_decor_jellyfish_corner, nicolae_alphabet_shops
D:11:     layout_roguey, roderic_serpentine_path
D:12:     nicolae_cairo_tiling_very_big, layout_basic, trog_three_pillars_becter
D:13:     layout_basic
D:14:     layout_long_grid, david_vaults_1, serial_park_tiny_2, uniq_josephine
D:15:     grunt_enter_depths_snipers, layout_basic,
          nicolae_tso_swordbearing_angel
Temple:   mainiacjoe_temple_cubbyholes
Lair:1:   layout_layer_cave, grunt_megastairs_4
Lair:2:   layout_regular_city, shoals_dummy_entry, serial_forest,
          infiniplex_forest_lined_room_, infiniplex_forest_clump_curved,
          infiniplex_forest_corner_1, infiniplex_forest_clump_curved,
          infiniplex_forest_clump_medium, infiniplex_forest_pool,
          infiniplex_forest_zigzag_1, infiniplex_forest_clump_long,
          eino_small_chamber_without_monster, lemuel_fruit_tree, uniq_gastronok,
          uniq_urug
Lair:3:   layout_roguey [special_room_mythical_zoo], dummy_snake_entry,
          gammafunk_ghost_hive
Lair:4:   layout_loops_ring, slime_entry_2, grunt_megastairs_2, uniq_sonja
Lair:5:   hangedman_lair_in_review, layout_cave_pods, guppyfry_lair_end_dragon,
          gammafunk_ghost_berserking_beasts, serial_bayou_shore_a,
          lemuel_fruit_fields
Shoals:1: layout_shoals, ebering_ghost_inner_flame
Shoals:2: layout_shoals, serial_shops, nicolae_shop_just_a_little_nook,
          uniq_ilsuiw, uniq_louise
Shoals:3: layout_shoals, lemuel_altar_in_water
Shoals:4: shoals_end_grunt_ice, layout_shoals, shoals_ilsuiw_alternative,
          uniq_donald
Snake:1:  layout_grid_maze, nicolae_shop_gadgets, uniq_agnes, uniq_frances,
          uniq_aizul
Snake:2:  layout_layer_cave, grunt_megastairs_3, serial_bayou_shore_b
Snake:3:  nicolae_snake_nest, layout_cave_town, serial_shops,
          nicolae_shop_stone, nicolae_snake_gridmaze_waves
Snake:4:  snake_pit_salamanders_mu, layout_cave_town, serial_shops,
          nicolae_shop_behind_doors, nicolae_snake_guarding_the_ruins,
          uniq_nikola, uniq_kirke
Slime:1:  layout_caves
Slime:2:  layout_caves, cheibrodos_slime_lost_civilization_4
Slime:3:  layout_caves
Slime:4:  layout_caves, cheibrodos_slime_lost_civilization_5
Slime:5:  slime_pit_nicolae_trefoil
Orc:1:    layout_caves, serial_shops, shop
Orc:2:    st_orc_pillars, layout_diamond_mine, nicolae_shop_vocational
Elf:1:    eino_elf_arrival_the_gate, layout_gridlike, serial_shops, shop,
          minmay_elf_crystal_hexagon, grunt_ministairs_8, uniq_asterion
Elf:2:    elven_hall_of_blades_hangedman_original [mumra_blade_entry_bloodbath],
          layout_geoelf_octagon, serial_shops, nicolae_shop_back_alley_shop
Elf:3:    grunt_elf_hall_asides, layout_geoelf_octagon
Vaults:1: v_pattern_1, hangedman_vaults_maws, grunt_vaults_swirl,
          nicolae_vaults_octothorpe, ontoclasm_vaults_fault,
          nicolae_vaults_network_square, nicolae_vaults_trapezoid_4,
          nicolae_vaults_network_periphery, v_misc_29, v_alt_pattern_1,
          vaults_dpeg_hooks, nicolae_vaults_crenellated_ambush,
          layout_vaults_chaotic_city
Vaults:2: v_alt_pattern_3, nicolae_vaults_offset_grid_hallway_2,
          hangedman_vaults_trim, v_alt_pattern_3, v_pattern_2,
          vaults_dpeg_cross, nicolae_vaults_circle_grid_b,
          minmay_crypt_entry_simple_box, nicolae_vaults_diamond_2,
          nicolae_vaults_diagonal_hallway_6, vaults_dpeg_emergency_exit,
          layout_vaults_omnicross
Vaults:3: nicolae_vaults_know_your_exits, ontoclasm_vaults_ring_square,
          nicolae_vaults_cornered_office, nicolae_vaults_mitosis,
          v_alt_pattern_4, v_rooms_2, vaults_dpeg_doors,
          nicolae_vaults_tetromino_T_2, v_pattern_3, v_misc_18,
          nicolae_vaults_stepped_doors, nicolae_vaults_diagonal_hallway_9,
          nicolae_vaults_diamond_1, v_misc_17, layout_vaults_maze_snakey
Vaults:4: v_pattern_4, hangedman_vaults_corner_blocks,
          ontoclasm_vaults_ligature, vaults_room_pools,
          nicolae_vaults_network_barrier, nicolae_vaults_little_ls,
          vaults_room_grunt_arrival_checkpoint, grunt_vaults_focal,
          vaults_room_fours, layout_vaults_ring
Vaults:5: serial_shops
Crypt:1:  layout_misc_corridors, nrook_guardian_serpent_ordinary
Crypt:2:  layout_rooms, mu_enter_wizlab_5, roderic_lattice_octagonal_star
Crypt:3:  lightli_unholy_cathedral, layout_chaotic_city,
          tomb_entry_sphere_bobbens, uniq_vv, uniq_boris
Tomb:1
Tomb:2
Depths:1: layout_roguey, enter_ziggurat_e, grunt_pan_entry_spiral, abyss_entry,
          nicolae_the_louvre, hell_entry, minmay_microvault, uniq_saint_roka
Depths:2: minmay_octo_star, layout_cave_pools, rand_demon_pan_entry_5,
          hangedman_abyss_or_decor_stabs, grunt_hell_entry_dis_grunt,
          kennysheep_windowed_goal, uniq_josephina
Depths:3: hangedman_stitches_corridor, layout_basic,
          chequers_serial_rivers_small_b, minmay_room_of_horrors, hell_entry,
          grunt_pan_entry_sceptre, hangedman_feature_mirror
Depths:4: evilmike_zot_entry_castle, layout_cave_pools, minmay_crystal_water,
          hangedman_abyss_entry_splay, special_room [special_room_mythical_zoo],
          hell_entry, nicolae_concentric_dashed_squares_mild,
          grunt_decor_junction
Hell
Zot:1:    layout_gridlike, regret_index_zotdec_stipple_waver
Zot:2:    hangedman_snap_crack_crunch, layout_onion_interference,
          regret_index_zotdec_bone_old, grunt_ministairs_15
Zot:3:    dreamdust_zin_vs_xom, layout_misc_corridors, uniq_tiamat
Zot:4:    layout_gridlike, regret_index_zotdec_banners
Zot:5:    layout_cathedral_of_symmetry

Skill      XL: |  1  2  3  4  5  6  7  8  9 10 11 12 13 14 15 16 17 18 19 20 21 22 23 24 25 26 27 |
---------------+----------------------------------------------------------------------------------+-----
Spellcasting   | 1 2 3 4 5 6 7 8 9 10 11 12 13 14 15 16 18 19 21 | 21.5
Ranged Weapons | 1 2 3 4 5 6 7 |  7.3
Dodging        | 2 3 4 5 6 |  6.1
Evocations     | 1 2 |  2.0
Armour         | 1 2 3 5 6 7 8 9 10 11 12 | 12.0
Shields        | 1 2 3 5 7 9 11 12 14 17 19 21 22 | 22.2
Ice Magic      | 1 2 3 4 5 8 18 | 18.2
Conjurations   | 1 3 4 6 8 9 10 11 12 13 14 15 16 17 20 | 20.6
Translocations | 1 2 6 8 9 10 11 12 13 | 13.0
Air Magic      | 1 2 4 6 7 8 9 |  9.0
Short Blades   | 2 |  2.0
Fighting       | 5 7 8 9 10 11 12 | 12.0
Fire Magic     | 4 6 7 8 9 10 11 12 13 14 16 17 20 | 20.4
Stealth        | 9 10 11 13 14 | 14.5
Poison Magic   | 4 7 8 |  8.0
Transmutations | 3 |  3.0
Necromancy     | 5 7 8 9 10 | 10.6
Long Blades    | 1 4 |  4.1
Staves         | 5 7 |  7.8
Polearms       | 1 |  1.1
Maces & Flails | |  2.0

Action                     |  1- 3 |  4- 6 |  7- 9 | 10-12 | 13-15 | 16-18 | 19-21 | 22-24 | 25-27 || total
---------------------------+-------+-------+-------+-------+-------+-------+-------+-------+-------++-------
  Melee: Mace              |    19 |       |     5 |    13 |    15 |     5 |       |       |       ||    57
         Dagger            |       |    97 |   252 |    68 |    27 |       |       |       |       ||   444
         Hand axe          |       |     5 |    15 |   157 |       |       |       |       |       ||   177
         Whip              |       |       |       |     9 |       |       |       |       |       ||     9
         Long sword        |       |       |       |       |    13 |    76 |    95 |   131 |    11 ||   326
         Scimitar          |       |       |       |       |       |       |    13 |       |       ||    13
         War axe           |       |       |       |       |       |       |       |    39 |     2 ||    41
         Double sword      |       |       |       |       |       |       |       |     5 |    22 ||    27
         Lajatang          |       |       |       |       |       |       |       |       |    57 ||    57
         Bo                |       |       |       |       |       |       |       |       |    80 ||    80
   Fire: Sling             |    62 |    76 |       |       |       |       |       |       |       ||   138
         Orcbow            |       |    14 |    88 |   117 |   466 |   324 |   494 |   280 |   139 ||  1922
  Throw: Dart              |       |       |     1 |     2 |    16 |    10 |     1 |     5 |     1 ||    36
   Cast: Hailstorm         |       |       |     5 |    48 |    18 |       |       |       |       ||    71
         Freezing Cloud    |       |       |       |    59 |   259 |   264 |   248 |   114 |    99 ||  1043
         Poisonous Vapours |       |       |       |    11 |     8 |       |       |       |       ||    19
         Iskenderun's Myst |       |       |       |     4 |    59 |    81 |    92 |    72 |   152 ||   460
         Sticky Flame      |       |       |       |       |     3 |    33 |    38 |    42 |    46 ||   162
         Fireball          |       |       |       |       |    14 |    35 |     6 |    97 |    29 ||   181
         Passage of Golubr |       |       |       |       |     7 |     7 |    26 |    37 |    32 ||   109
         Conjure Ball Ligh |       |       |       |       |    12 |    22 |    10 |    60 |    24 ||   128
         Olgreb's Toxic Ra |       |       |       |       |     4 |    96 |    41 |    63 |    35 ||   239
         Apportation       |       |       |       |       |       |     6 |       |       |       ||     6
         Orb of Destructio |       |       |       |       |       |       |   115 |   288 |   489 ||   892
         Sublimation of Bl |       |       |       |       |       |       |   148 |   337 |   585 ||  1070
         Ignite Poison     |       |       |       |       |       |       |    19 |    70 |    32 ||   121
         Plasma Beam       |       |       |       |       |       |       |       |     8 |     7 ||    15
         Fire Storm        |       |       |       |       |       |       |       |       |   339 ||   339
         Ozocubu's Armour  |       |       |       |       |       |       |       |       |     2 ||     2
         Polar Vortex      |       |       |       |       |       |       |       |       |    11 ||    11
Ability: Shaft Self        |       |     3 |     1 |     1 |     4 |       |     1 |       |       ||    10
         Dig               |       |     1 |     3 |     6 |     7 |     1 |     9 |     4 |     9 ||    40
  Evoke: Wand              |       |     2 |    12 |     8 |     3 |     4 |     5 |     6 |     5 ||    45
         Sack of spiders   |       |       |       |       |       |       |       |       |     1 ||     1
    Use: Scroll            |       |     6 |     9 |     6 |    11 |     8 |     8 |     7 |    16 ||    71
         Potion            |       |       |     6 |       |     2 |     5 |       |     4 |    26 ||    43
   Stab: Sleeping          |     3 |     4 |     3 |     1 |     1 |       |     1 |     2 |       ||    15
         Distracted        |       |       |       |       |       |       |       |       |     1 ||     1
 Armour: Leather armour    |    21 |     1 |       |       |       |   173 |       |       |   182 ||   377
         Ring mail         |       |   111 |   182 |   201 |   110 |     2 |       |       |       ||   606
         Troll leather arm |       |       |       |       |       |    43 |   317 |   421 |   390 ||  1171
  Dodge: Dodged            |    29 |    65 |   130 |   136 |    66 |   118 |   181 |   199 |   334 ||  1258
  Block: Buckler           |       |    43 |   139 |   159 |    82 |    65 |       |       |       ||   488
         Reflection        |       |     2 |     2 |     6 |    23 |    51 |    54 |    39 |    24 ||   201
         Kite shield       |       |       |       |       |       |   107 |   323 |   423 |   530 ||  1383

Table legend: (Time is in decaauts)
 A = Elapsed time spent in this place.
 B = Non-inter-level travel time spent in this place.
 C = Inter-level travel time spent in this place.
 D = Time resting spent in this place.
 E = Time spent auto-exploring this place.
 F = Levels seen in this place.
 G = Mean time per level.
                   A        B        C        D        E       F      G
               +--------+--------+--------+--------+--------+-----+--------+
         Total | 119712 | 104595 |  15117 |  41399 |  27389 |  60 | 1995.2 |
       Dungeon |  28937 |  22502 |   6435 |   7300 |   7759 |  15 | 1929.1 |
        Temple |     64 |      2 |     62 |      0 |      0 |   1 |   64.0 |
          Lair |   9610 |   8332 |   1278 |   3106 |   3019 |   5 | 1922.0 |
        Shoals |   9729 |   9080 |    649 |   4535 |   1697 |   4 | 2432.2 |
     Snake Pit |   6554 |   6079 |    475 |   1133 |   3119 |   4 | 1638.5 |
    Slime Pits |   3298 |   2959 |    339 |    769 |   1242 |   5 |  659.6 |
  Orcish Mines |   4250 |   3261 |    989 |   1661 |    661 |   2 | 2125.0 |
   Elven Halls |   9308 |   8387 |    921 |   3616 |   1451 |   3 | 3102.7 |
        Vaults |  11068 |   9999 |   1069 |   2915 |   2881 |   5 | 2213.6 |
         Crypt |   5868 |   5318 |    550 |   1640 |    807 |   3 | 1956.0 |
          Tomb |   2465 |   2233 |    232 |    707 |      8 |   2 | 1232.5 |
        Depths |  10209 |   8848 |   1361 |   3517 |   1807 |   4 | 2552.2 |
          Hell |   1031 |   1015 |     16 |    427 |    319 |   1 | 1031.0 |
           Zot |  16386 |  15650 |    736 |   9787 |   2618 |   5 | 3277.2 |
        Wizlab |    927 |    927 |      0 |    284 |      0 |   1 |  927.0 |
               +--------+--------+--------+--------+--------+-----+--------+

Top non-repeatable levels by time:
   Zot:4: 4934 daAuts
     D:9: 4766 daAuts
   Zot:2: 4379 daAuts
   Elf:3: 3819 daAuts
     D:8: 3228 daAuts
Depths:1: 3001 daAuts
Shoals:4: 2913 daAuts
  Lair:5: 2896 daAuts
   Elf:2: 2874 daAuts
   Orc:2: 2839 daAuts
 Crypt:3: 2802 daAuts
Depths:3: 2773 daAuts
Vaults:1: 2698 daAuts
Depths:4: 2683 daAuts
   Zot:3: 2636 daAuts
